 Dungeon Sprint DCSS version 0.26-a0-708-g17f3b190f9 (webtiles) character file.

Game seed: 7258689537865726494

15 mhtbhm the Covered (level 2, -3/25 HPs)
             Began as a Formicid Fighter on Oct 29, 2020.
             Killed by divine providence
             ... invoked by an orc priest
              (12 damage)
             ... in the Dungeon (Sprint IX: "|||||||||||||||||||||||||||||").
             The game lasted 00:00:43 (96 turns).

mhtbhm the Covered (Formicid Fighter)                 Turns: 96, Time: 00:00:43

Health: -3/25      AC:  7    Str: 20    XL:     2   Next: 65%
Magic:  2/2        EV:  8    Int:  7    God:
Gold:   0          SH:  9    Dex: 10    Spells: 1/1 levels left

rFire    . . .     SeeInvis +   a - +0 flail
rCold    . . .     Faith    .   c - +0 kite shield
rNeg     . . .     Spirit   .   b - +0 scale mail
rPois    .         Reflect  .   (helmet unavailable)
rElec    .         Harm     .   (no cloak)
rCorr    .         Rampage  .   (no gloves)
MR       .....                  (no boots)
Stlth    ..........             (no amulet)
HPRegen  0.08/turn              (no ring)
MPRegen  0.08/turn              (no ring)

@: no status effects
A: permanent stasis, dig shafts and tunnels, four strong arms, antennae 3
a: Dig


You were in the Dungeon.
You visited 1 branch

Inventory:

Hand Weapons
 a - a +0 flail (weapon)
Armour
 b - a +0 scale mail (worn)
 c - a +0 kite shield (worn)
Potions
 d - a potion of might
 e - a potion of curing
 g - 2 potions of magic


   Skills:
 + Level 4.0 Fighting
 + Level 2.4 Maces & Flails
 + Level 4.9 Armour
 + Level 4.6 Shields


You had one spell level left.
You didn't know any spells.
Your spell library was empty.

Dungeon Overview and Level Annotations

Branches:
Dungeon (1/1)

Altars:


Innate Abilities, Weirdness & Mutations

You cannot be hasted, slowed, berserked, paralysed or teleported.
You can dig through walls and to a lower floor.
Your four strong arms can wield two-handed weapons with a shield.
You have a pair of large antennae on your head. (SInv)


Message History

The bat zombie is heavily damaged.
The bat zombie barely misses you. You block the bat zombie's attack.
The bat zombie hits you but does no damage.
The bat zombie barely misses you.
You closely miss the bat zombie.
The bat zombie is heavily damaged.
You block the bat zombie's attack. The bat zombie barely misses you.
The bat zombie hits you but does no damage.
The orc priest looks encouraged for a moment.
You block the bat zombie's attack.
You hit the bat zombie.
The bat zombie is severely damaged.
The bat zombie hits you but does no damage. x2
You block the bat zombie's attack.
You sock the bat zombie!
You destroy the bat zombie!
You closely miss the orc priest.
The orc priest mumbles some strange prayers to Beogh against you.
Beogh smites you!
You die... ▓▓▓▓▓▓▓▓▓▓▓▓▓▓▓▓▓▓ +...oo@.....)...<▓ ▓▓▓▓▓▓▓▓▓▓▓▓▓▓▓▓▓▓

You could see an orc priest and an orc.

Vanquished Creatures
  A white imp (D)
  A bat skeleton (D)
  A bat zombie (D)
  A goblin (D)
  A jackal (D)
  A kobold (D)
  2 bats (D)
8 creatures vanquished.

Notes
Turn   | Place    | Note
-------+----------+-------------------------------------------
     0 | D        | mhtbhm the Formicid Fighter began the quest for the Orb.
     0 | D        | Reached XP level 1. HP: 18/18 MP: 1/1
    82 | D        | Noticed an orc priest
    85 | D        | Reached XP level 2. HP: 21/25 MP: 2/2
    96 | D        | Killed from afar by an orc priest

Illustrated notes

Levels and vault maps discovered:
D:        linesprint [early_d, line_temple, items_1, d_10, items_2, lair_1,
          lair_end, items_3, orc_1, orc_end, items_4, d_15, swamp_1, shoals_1,
          snake_1, spider_1, d_20, vaults_1, items_5, swamp_end, shoals_end,
          snake_end, spider_end, vaults_end, d_27, items_6, zot_1, zot_end,
          crypt_end, forest_end, elf_end, slime_end, tomb_end, abyss_end,
          pan_hell_end]

Skill      XL: |  1 |
---------------+----+-----
Armour         | 4 |  4.9
Fighting       | 4 |  4.0
Shields        | 4 |  4.6
Maces & Flails | |  2.4

Action                   || total
-------------------------++-------
Melee: Flail             ||    39
  Use: Potion            ||     1
Armor: Scale mail        ||    26
Dodge: Dodged            ||    20
Block: Kite shield       ||    28

Table legend: (Time is in decaauts)
 A = Elapsed time spent in this place.
 B = Non-inter-level travel time spent in this place.
 C = Inter-level travel time spent in this place.
 D = Time resting spent in this place.
 E = Time spent auto-exploring this place.
 F = Levels seen in this place.
 G = Mean time per level.
                   A        B        C        D        E       F      G
               +--------+--------+--------+--------+--------+-----+--------+
         Total |    110 |    110 |      0 |     45 |      0 |   1 |  110.0 |
       Dungeon |    110 |    110 |      0 |     45 |      0 |   1 |  110.0 |
               +--------+--------+--------+--------+--------+-----+--------+

Top non-repeatable levels by time:
       D: 110 daAuts
